 Dungeon Crawl Stone Soup version 0.29-a0-504-gec6baf379c (webtiles) character file.

Game seed: 14599392924281166209

854 miskuzi the Ruffian (level 7, -2/67 HPs)
             Began as a Troll Fighter on May 28, 2022.
             Was a Follower of Makhleb.
             Killed by divine providence
             ... invoked by an orc priest
              (13 damage)
             ... on level 4 of the Dungeon.
             The game lasted 00:10:29 (3042 turns).

miskuzi the Ruffian (Troll Fighter)                 Turns: 3042, Time: 00:10:29

Health: -2/67      AC:  6    Str: 27    XL:     7   Next: 70%
Magic:  6/6        EV: 13    Int:  4    God:    Makhleb [*.....]
Gold:   227        SH:  7    Dex:  9    Spells: 6/6 levels left

rFire   + . .      SeeInvis .     - Unarmed
rCold   . . .      Faith    .   b - +0 kite shield
rNeg    . . .      Spirit   .   q - +2 robe {rF+}
rPois   .          Reflect  .   (helmet restricted)
rElec   .          Harm     .   (no cloak)
rCorr   .          Rampage  .   (gloves unavailable)
Will    .....                   (boots unavailable)
Stlth   +.........              (no amulet)
HPRegen 1.01/turn               i - +4 ring of evasion
MPRegen 0.10/turn               (no ring)

@: no status effects
A: large, unfitting armour, claws 3, regeneration 1, shaggy fur 1, tough skin 1
a: Renounce Religion


You were on level 4 of the Dungeon.
You worshipped Makhleb.
Makhleb was aware of your devotion.
You visited 1 branch of the dungeon, and saw 4 of its levels.

You collected 227 gold pieces.

Inventory:

Armour
 a - a +0 robe
 b - a +0 kite shield (worn)
 q - a +2 robe of fire resistance (worn)
Jewellery
 i - a +4 ring of evasion (left claw)
Wands
 f - a wand of flame (27)
 h - a wand of acid (11)
Scrolls
 e - a scroll of enchant weapon
 g - a scroll of immolation
 j - a scroll of amnesia {unknown}
Potions
 c - a potion of flight {unknown}
 d - 4 potions of curing
 k - a potion of ambrosia


   Skills:
 + Level 3.3 Fighting
 + Level 4.3 Dodging
 + Level 0.3 Stealth
 + Level 3.6 Shields
 + Level 6.5 Unarmed Combat


You had 6 spell levels left.
You didn't know any spells.
Your spell library contained the following spells:

 Spells                   Type           Power      Damage    Failure   Level
 Foxfire                  Conj/Fire      0%         2x1d4     80%         1
 Conjure Flame            Conj/Fire      0%         6-21      99%         3
 Inner Flame              Hex/Fire       0%         N/A       99%         3
 Flame Wave               Conj/Fire      0%         2d4       100%        4
 Summon Forest            Summ/Tloc      0%         N/A       100%        5
 Eringya's Noxious Bog    Tmut/Pois      0%         N/A       100%        6
 Summon Hydra             Summ           0%         N/A       100%        7


Dungeon Overview and Level Annotations

Branches:
Dungeon (4/15)
 Temple: D:4-7

Altars:
Makhleb
Vehumet
The Shining One

Shops:
D:3 (


Innate Abilities, Weirdness & Mutations

You are too large for most types of armour.
You have claws for hands.
Your natural rate of healing is unusually fast.
You are covered in fur. (AC +1)
You have tough skin. (AC +1)


Message History

The magic dart hits you. The orc priest misses you.
You scratch something. You block the orc wizard's attack.
You block something's attack.
The orc priest hits you with a +0 flail.
Something hits you.
You claw something!
The orc wizard hits you with a +0 dagger.
Something hits you but does no damage. You block something's attack.
The orc priest misses you.
You mangle the orc wizard!!
You kill the orc wizard!
Makhleb accepts your kill. Something hits you but does no damage.
The orc priest closely misses you. Something hits you but does no damage.
Something hits you but does no damage. x2
The orc priest mumbles some strange prayers to Beogh against you.
You struggle to resist.
Things that are here:
a +0 dagger; a +0 robe You closely miss the orc priest.
Something hits you.
The orc priest calls down the wrath of Beogh upon you.
Pain shoots through your body! Something hits you.
You closely miss the orc priest. Something hits you.
Something hits you but does no damage. You block the orc priest's attack.
You closely miss the orc priest. Something hits you.
The orc priest barely misses you. Something hits you.
You barely miss the orc priest.
Something hits you but does no damage. x2
The orc priest barely misses you.
You claw the orc priest!
The orc priest is almost dead.
Something barely misses you. Something hits you but does no damage.
The orc priest mumbles some strange prayers to Beogh against you.
Beogh smites you!
* * * LOW HITPOINT WARNING * * *
You closely miss the orc priest.
The orc priest is almost dead.
You block something's attack. Something hits you but does no damage.
The orc priest calls down the wrath of Beogh upon you.
Beogh smites you!
You die...

#..#. .##...##.. [ #.
...##⌠##...## ##.
...###...... #.. ..........
##.. #.....#.. #...
#.#.##.### ##...
#######........#####....
......o@{...............
......{.......†.........
##########..##########.. ####
##. #. ..# ## ...# ##. #...#
####..
#...####################.....


You could see an orc priest.

Vanquished Creatures
  Sigmund (D:2)
  A scorpion (D:3)
  A necrophage (D:4)
  4 orc priests
  An iguana (D:4)
  Terence (D:2)
  6 orc wizards
  Ijyb (D:4)
  7 gnolls
  5 adders
  2 worms
  2 dart slugs (D:1)
  18 orcs
  9 endoplasms
  9 giant cockroaches
  8 goblins
  10 hobgoblins
  2 kobolds
  5 quokkas
  5 ball pythons
  5 bats
  3 frilled lizards
  6 rats
112 creatures vanquished.

Notes
Turn   | Place    | Note
-------+----------+-------------------------------------------
     0 | D:1      | miskuzi the Troll Fighter began the quest for the Orb.
     0 | D:1      | Reached XP level 1. HP: 22/22 MP: 0/0
   203 | D:1      | Reached XP level 2. HP: 29/29 MP: 1/1
   755 | D:1      | Found a faded altar of an unknown god.
   970 | D:1      | Prayed at the altar of an unknown god.
   970 | D:1      | Became a worshipper of Vehumet
   970 | D:1      | Reached * piety under Vehumet
   970 | D:1      | Offered knowledge of Magic Dart by Vehumet.
  1107 | D:2      | Reached XP level 3. HP: 36/36 MP: 2/2
  1135 | D:2      | Reached XP level 4. HP: 25/44 MP: 3/3
  1397 | D:2      | Noticed Terence
  1401 | D:2      | Offered knowledge of Sandblast by Vehumet.
  1407 | D:2      | Reached ** piety under Vehumet
  1422 | D:2      | Reached skill level 3 in Unarmed Combat
  1429 | D:2      | Killed Terence
  1430 | D:2      | Reached XP level 5. HP: 31/49 MP: 4/4
  1474 | D:2      | Noticed Sigmund
  1483 | D:2      | Killed Sigmund
  1484 | D:2      | Reached skill level 4 in Unarmed Combat
  1484 | D:2      | Reached XP level 6. HP: 45/61 MP: 5/5
  1743 | D:3      | Found a burning altar of Makhleb.
  1754 | D:3      | Fell from the grace of Vehumet
  1754 | D:3      | Became a worshipper of Makhleb the Destroyer
  1804 | D:3      | Reached skill level 5 in Unarmed Combat
  2043 | D:3      | Found Onniagrora's Weapon Shop.
  2260 | D:3      | Reached XP level 7. HP: 67/67 MP: 6/6
  2275 | D:3      | Reached * piety under Makhleb
  2435 | D:3      | You fall into a shaft and drop 1 floor!
  2462 | D:4      | Found a glowing golden altar of the Shining One.
  2617 | D:4      | Noticed Ijyb
  2621 | D:4      | Killed Ijyb
  2651 | D:4      | Reached skill level 6 in Unarmed Combat
  3042 | D:4      | Killed from afar by an orc priest

Illustrated notes

Levels and vault maps discovered:
D:1:      grunt_arrival_lava_bath, layout_loops_corners,
          nicolae_ecumenical_lake_church
D:2:      layout_basic, chequers_serial_rivers_micro_b, uniq_sigmund,
          uniq_terence
D:3:      layout_rooms, mainiacjoe_overflow_cross_hatched, led_sif_pool,
          serial_glass, glass_columns_c, glass_columns_a, serial_shops,
          nicolae_shop_bloodbath_and_beyond
D:4:      minmay_inner_zag, layout_layer_cave, mainiacjoe_overflow_big_doors,
          hellmonk_ghost_happy_afterlife, uniq_ijyb

Skill      XL: |  1  2  3  4  5  6  7 |
---------------+----------------------+-----
Dodging        | 3 4 |  4.3
Shields        | 3 |  3.6
Unarmed Combat | 3 4 5 6 |  6.5
Fighting       | 3 |  3.3
Stealth        | |  0.3

Action                   |  1- 3 |  4- 6 |  7- 9 || total
-------------------------+-------+-------+-------++-------
Melee: Unarmed           |    79 |   167 |    98 ||   344
  Use: Potion            |       |     7 |       ||     7
       Scroll            |       |     5 |       ||     5
Armor: Robe              |    31 |    31 |    40 ||   102
Dodge: Dodged            |    32 |    69 |    41 ||   142
Block: Kite shield       |    29 |    43 |    26 ||    98

Table legend: (Time is in decaauts)
 A = Elapsed time spent in this place.
 B = Non-inter-level travel time spent in this place.
 C = Inter-level travel time spent in this place.
 D = Time resting spent in this place.
 E = Time spent auto-exploring this place.
 F = Levels seen in this place.
 G = Mean time per level.
                   A        B        C        D        E       F      G
               +--------+--------+--------+--------+--------+-----+--------+
         Total |   3067 |   2974 |     93 |     23 |   1894 |   4 |  766.8 |
       Dungeon |   3067 |   2974 |     93 |     23 |   1894 |   4 |  766.8 |
               +--------+--------+--------+--------+--------+-----+--------+

Top non-repeatable levels by time:
     D:1: 1078 daAuts
     D:3: 721 daAuts
     D:2: 660 daAuts
     D:4: 607 daAuts
